 Dungeon Crawl Stone Soup version 0.29.1-4-g47bece8355 (webtiles) character file.

Game seed: 12591710782091524637

5 styxcanada the Sneak (level 1, -1/10 HPs)
             Began as a Spriggan Brigand on Dec 11, 2022.
             Slain by a quokka (3 damage)
             ... on level 1 of the Dungeon.
             The game lasted 00:00:29 (116 turns).

styxcanada the Sneak (Spriggan Brigand)              Turns: 116, Time: 00:00:29

Health: -1/10      AC:  3    Str:  7    XL:     1   Next: 66%
Magic:  2/2        EV: 16    Int: 12    God:
Gold:   0          SH:  0    Dex: 16    Spells: 0/0 levels left

rFire   . . .      SeeInvis +   a - +2 dagger
rCold   . . .      Faith    .   (no shield)
rNeg    . . .      Spirit   .   b - +0 robe
rPois   .          Reflect  .   (helmet restricted)
rElec   .          Harm     .   c - +0 cloak
rCorr   .          Rampage  .   (gloves unavailable)
Will    .....                   (boots unavailable)
Stlth   +++.......              (no amulet)
HPRegen 0.03/turn               (no ring)
MPRegen 0.08/turn               (no ring)

@: very quick
A: very small, no large weapons, unfitting armour, see invisible, speed 3
a: no special abilities


You were on level 1 of the Dungeon.
You visited 1 branch of the dungeon, and saw 1 of its levels.

Inventory:

Hand Weapons
 a - a +2 dagger (weapon)
Missiles
 d - 9 poisoned darts (quivered)
 e - 3 curare-tipped darts
Armour
 b - a +0 robe (worn)
 c - a +0 cloak (worn)


   Skills:
 * Level 1.5 Fighting
 + Level 2.2 Short Blades
 + Level 2.0 Throwing
 * Level 1.7 Dodging
 * Level 6.1 Stealth


You couldn't memorise any spells.
You didn't know any spells.
Your spell library was empty.

Dungeon Overview and Level Annotations

Branches:
Dungeon (1/15)

Altars:


Innate Abilities, Weirdness & Mutations

You are very small and have problems with some larger weapons.
You are too small for most types of armour.
You have supernaturally acute eyesight. (SInv)
You cover ground extremely quickly. (Speed+++)


Message History

Press: ? - help, Q - select action, (/) - cycle Shift-Dir - straight line, f - goblin
Aim: a goblin, wielding a +0 dagger (53% to hit)
You throw a poisoned dart. The poisoned dart hits the goblin.
The goblin is poisoned.
You kill the goblin!
Things that are here:
a +0 dagger; a goblin corpse
d - 9 poisoned darts (gained 1)
You open the door.
A quokka, a frilled lizard and a rat come into view.
Found a scroll labelled NISEIN GYNEDI and a sling.
Found an escape hatch in the floor.
A ball python comes into view.
There is an open door here.
The ball python hisses angrily.
The frilled lizard hisses angrily.
You hit the frilled lizard.
You kill the frilled lizard!
Found 14 gold pieces.
The rat misses you.
You hit the rat.
You kill the rat!
The ball python bites you. The ball python grabs you.
The ball python constricts you.
Your Stealth skill increases to level 6!
You escape the ball python's grasp.
You hit the ball python.
You kill the ball python!
The quokka misses you.
You miss the quokka. The quokka bites you.
You completely miss the quokka. You punch the quokka.
The quokka is heavily wounded.
The quokka barely misses you.
You closely miss the quokka.
The quokka is heavily wounded.
The quokka bites you.
* * * LOW HITPOINT WARNING * * *
You hit the quokka but do no damage.
The quokka is heavily wounded.
The quokka bites you.
You die...

#.# #.## ...# ...####
#.###.# ..#...#
#.######### .##.###
#####.#.......# .#....#
$..#..#.......# ...#..#
#......@.>)..# ####..#
###....?r....#
...#.###...##.........#
....<....# #.........#
.. .###.#...#
#.........# #..
..#..########..#'######
#..
#.#..#......#..#...#
...
..#....#.##.#..###.##
##.# #.###.##.#
#..#...)##...#.#


You could see a quokka.

Vanquished Creatures
  A ball python (D:1)
  A bat (D:1)
  A goblin (D:1)
  A frilled lizard (D:1)
  A rat (D:1)
5 creatures vanquished.

Notes
Turn   | Place    | Note
-------+----------+-------------------------------------------
     0 | D:1      | styxcanada the Spriggan Brigand began the quest for the
                  | Orb.
     0 | D:1      | Reached XP level 1. HP: 10/10 MP: 2/2
   111 | D:1      | Reached skill level 6 in Stealth
   116 | D:1      | Slain by a quokka

Illustrated notes

Levels and vault maps discovered:
D:1:      psy_arrival_radial01, layout_basic,
          ebering_ecumenical_altar_petrified, serial_corexii_hall,
          corexii_hall_statues_l, corexii_hall_statues_x,
          minmay_misc_feat_pillars

Skill      XL: |  1 |
---------------+----+-----
Stealth        | 6 |  6.1
Fighting       | |  1.5
Short Blades   | |  2.2
Throwing       | |  2.0
Dodging        | |  1.7

Action                   || total
-------------------------++-------
Melee: Dagger            ||     9
       Punch             ||     1
Throw: Dart              ||     1
Armor: Robe              ||     1
Dodge: Dodged            ||     5
